 Dungeon Crawl Stone Soup version 0.32-a0-451-g26e3978 (webtiles) character file.

Game seed: 10442532694299484639

129 staltz the Ruffian (level 5, -3/37 HPs)
             Began as a Djinni Shapeshifter on Feb 23, 2024.
             Slain by a gnoll
             ... wielding a +0 halberd
              (12 damage)
             ... on level 3 of the Dungeon.
             The game lasted 00:09:23 (2660 turns).

staltz the Ruffian (Djinni Shapeshifter)            Turns: 2660, Time: 00:09:24

Health: -3/37      AC:  5    Str: 15    XL:     5   Next: 35%
Gold:   206        EV: 11    Int: 11    God:
                   SH:  0    Dex: 13

rFire   + +          .
                       - Unarmed
rCold   x . .        (no shield)
rNeg    + . .        v - +0 ring mail
rPois   ∞            (helmet currently unavailable)
rElec   .            (cloak currently unavailable)
rCorr   .            (gloves currently unavailable)
SInv    .            (boots unavailable)
Will    .....        (no amulet)
Stlth   +            o - ring of positive energy
HPRegen 0.26/turn    (no ring)
MPRegen 0.00/turn

%: infuse magic (-4 HP)
@: beast-form, flying
A: beast (slay +1), flying, sickness immunity, fire resistance 2, cold
vulnerability 1, float, innate caster, HP casting, extra vitality 1
a: Begin Untransformation


You were on level 3 of the Dungeon.
You were a hulking beast.
You visited 1 branch of the dungeon, and saw 3 of its levels.

You collected 339 gold pieces.
You spent 133 gold pieces at shops.

Inventory:

Missiles
 j - 13 stones
 p - 2 throwing nets
 w - a boomerang (quivered)
Armour
 a - a +0 animal skin
 u - a +0 pair of gloves
 v - a +0 ring mail (worn)
 y - a scarf of harm
Jewellery
 o - a ring of positive energy (left hand)
Talismans
 c - a beast talisman (active)
 d - a flux talisman
Wands
 s - a wand of polymorph (8)
Scrolls
 e - a scroll of immolation {unknown}
 g - 2 scrolls of teleportation {unknown}
 h - 2 scrolls of revelation {unknown}
 i - a scroll of noise {unknown}
 k - a scroll of torment {unknown}
 l - 4 scrolls of identify
 n - a scroll of brand weapon {unknown}
 q - 2 scrolls of fear
 t - a scroll of silence {unknown}
 z - a scroll of enchant armour {unknown}
 B - a scroll of poison {unknown}
Potions
 b - a potion of lignification
 f - 2 potions of haste
 m - a potion of berserk rage {unknown}
 r - a potion of heal wounds {unknown}
 x - a potion of ambrosia {unknown}
 A - a potion of curing


   Skills:
 + Level 1.2 Fighting
 + Level 0.3 Throwing
 + Level 0.3 Armour
 + Level 2.8 Dodging
 + Level 0.5 Stealth
 + Level 4.4 Unarmed Combat
 + Level 3.3 Shapeshifting


You knew the following spells:

 Your Spells              Type           Power      Damage    Failure   Level
a - Shock                 Conj/Air       0%         1d3       56%         1
b - Lesser Beckoning      Tloc           0%         N/A       71%         2
Your spell library was empty.

Dungeon Overview and Level Annotations

Branches:
Dungeon (3/15)

Altars:

Shops:
D:1 =(?[*


Innate Abilities, Weirdness & Mutations

You are a hulking beast.
Your limbs bulge with bestial killing power. (Slay +1)
You are flying.
You are immune to sickness and miasma.
You are immune to poison.
Your flesh is very heat resistant. (rF++)
You are vulnerable to cold. (rC-)
You float through the air rather than walking.
You learn spells naturally, not from books.
Your magical power is your life essence.
You have superior vitality. (+4 MHP)


Message History

You throw a boomerang.
The boomerang hits the gnoll but does no damage.
Unknown command.
Throw: boomerang
Press: ? - help, Q - select action, (/) - cycle Shift-Dir - straight line, f/p - gnoll
Aim: a gnoll, wielding a +0 halberd (58% to hit)
You throw a boomerang. The boomerang closely misses the gnoll.
Unknown command.
The gnoll barely misses you.
Things that are here:
a +0 whip; a gnoll corpse You hit the gnoll.
The gnoll is moderately wounded.
The gnoll barely misses you.
You barely miss the gnoll.
The gnoll is moderately wounded.
The gnoll barely misses you.
Press: ? - help, v - describe, . - travel
Here: a gnoll, wielding a +0 halberd (moderately wounded)
The floor.
You completely miss the gnoll.
The gnoll is moderately wounded.
The gnoll hits you with a +0 halberd!
You barely miss the gnoll.
The gnoll is moderately wounded.
You hit the gnoll. You punch the gnoll.
The gnoll is almost dead.
The gnoll hits you with a +0 halberd!
You hit the gnoll but do no damage.
The gnoll is almost dead.
The gnoll hits you with a +0 halberd.
* * * LOW HITPOINT WARNING * * *
Unknown command.
Okay, then.
Unknown command.
You closely miss the gnoll.
The gnoll is almost dead.
A gnoll comes into view. It is wielding a +0 flail.
The gnoll hits you with a +0 halberd!
You die...

#.........)..........
##..#######.###.####.#
#...#.....#.###.......
#...#.....#..##.####.#
###.#.._..'.....####.#
#.#....:#.#.#....#.#
#.#.....#.#.#.##....
#.#######.g.#.####..
#..hg...).###.# #.#
########..# #.# #..
#.## #.# #.# #.# #.#
#.# #.. ..# #.# ###
### ###


You could see 2 gnolls.

Vanquished Creatures
  An orc wizard (D:3)
  A gnoll (D:3)
  3 adders
  4 dart slugs
  A ribbon worm (D:3)
  5 orcs (D:3)
  2 ball pythons
  6 bats
  8 endoplasms
  4 giant cockroaches
  3 hobgoblins
  5 kobolds
  2 quokkas (D:1)
  4 frilled lizards
  3 goblins
  2 rats
54 creatures vanquished.

Notes
Turn   | Place    | Note
-------+----------+-------------------------------------------
     0 | D:1      | staltz the Djinni Shapeshifter began the quest for the Orb.
     0 | D:1      | Reached XP level 1. HP: 17/17 MP: 0/0
    36 | D:1      | Upgraded the game from 0.32-a0-450-g080537f to
                  | 0.32-a0-451-g26e3978
    62 | D:1      | Found Beusch's Armour Emporium.
   133 | D:1      | Found Ineh Tiec's Antique Weapon Shoppe.
   168 | D:1      | Reached XP level 2. HP: 22/22 MP: 0/0
   218 | D:1      | Found Pacseale's Assorted Antiques.
   248 | D:1      | Bought a potion of lignification for 81 gold pieces
   434 | D:1      | Found Ladeol's Magic Scroll Emporium.
   437 | D:1      | Bought a scroll of identify for 26 gold pieces
   437 | D:1      | Bought a scroll of identify for 26 gold pieces
   461 | D:1      | Found Ihodgh's Jewellery Emporium.
   559 | D:2      | Reached XP level 3. HP: 27/27 MP: 0/0
   559 | D:2      | Learned a level 1 spell: Shock
  1892 | D:3      | Reached XP level 4. HP: 16/32 MP: 0/0
  1902 | D:3      | Reached skill level 4 in Unarmed Combat
  2284 | D:3      | Identified the +0 war axe "Zuynkoot" {drain, rC+}
  2415 | D:3      | Reached XP level 5. HP: 37/37 MP: 0/0
  2415 | D:3      | Learned a level 2 spell: Lesser Beckoning
  2564 | D:3      | Noticed a black bear
  2660 | D:3      | Slain by a gnoll

Illustrated notes

Levels and vault maps discovered:
D:1:      minmay_arrival_cross, layout_rooms, serial_shops, shop, shop_coins,
          nicolae_shop_rolled_up, shop, nicolae_shop_hallway_stairs,
          grunt_decor_mini_mirrors
D:2:      layout_rooms
D:3:      minmay_inner_zag, layout_basic, amcnicky_altar_gilded,
          kennysheep_generic_room_6

Skill      XL: |  1  2  3  4 |
---------------+-------------+-----
Shapeshifting  | 3 |  3.3
Unarmed Combat | 4 |  4.4
Fighting       | |  1.2
Throwing       | |  0.3
Armour         | |  0.3
Dodging        | |  2.8
Stealth        | |  0.5

Action                     |  1- 3 |  4- 6 || total
---------------------------+-------+-------++-------
  Melee: Unarmed           |    90 |    58 ||   148
         Punch             |     4 |     2 ||     6
  Throw: Boomerang         |       |    16 ||    16
    Use: Potion            |     3 |       ||     3
         Scroll            |       |     1 ||     1
   Stab: Sleeping          |     1 |       ||     1
 Armour: Animal skin       |    38 |       ||    38
         Skin              |     3 |     1 ||     4
         Ring mail         |       |    31 ||    31
  Dodge: Dodged            |    36 |    19 ||    55

Table legend: (Time is in decaauts)
 A = Elapsed time spent in this place.
 B = Non-inter-level travel time spent in this place.
 C = Inter-level travel time spent in this place.
 D = Time resting spent in this place.
 E = Time spent auto-exploring this place.
 F = Levels seen in this place.
 G = Mean time per level.
                   A        B        C        D        E       F      G
               +--------+--------+--------+--------+--------+-----+--------+
         Total |   2641 |   2341 |    300 |    578 |   1154 |   3 |  880.3 |
       Dungeon |   2641 |   2341 |    300 |    578 |   1154 |   3 |  880.3 |
               +--------+--------+--------+--------+--------+-----+--------+

Top non-repeatable levels by time:
     D:2: 1172 daAuts
     D:1: 787 daAuts
     D:3: 681 daAuts
